Cogmind - Beta 12 @@@ ROGUE MODE // 2024.01.27 @ 07:33:27 Player: Jospehas Result: Self-destructed Performance ------------- Evolutions (1) 500 Regions Visited (3) 600 Robots Destroyed (14) 70 Value Destroyed (348) 348 Prototype IDs (1) 20 Alien Tech Used (0) 0 Bonus (111) 111 TOTAL SCORE: 1649 Bonus ------- High Alert Combat Kills 19 Follower Combat Kills 92 Cogmind --------- Core Integrity 373/400 Matter 197/300 Energy 125/125 System Corruption 0% Temperature Cool (45) Movement Rolling (110) Ox2 Location -9/Materials Parts ------- > --- POWER (1) -------- Light Ion Engine > --- PROPULSION (2) --- Wheel > --- UTILITY (4) ------ Small Storage Unit Sensor Drone Bay (20/20) > --- WEAPON (2) ------- Medium Laser Rocket Launcher > --- INVENTORY (8) ---- Medium Matter Pod (100) Structural Scanner Visual Processing Unit Medium Laser Grenade Launcher Mining Laser Peak State ------------ > --- POWER ------------ Light Ion Engine > --- PROPULSION ------- Wheel Compact Wheel > --- UTILITY ---------- Small Storage Unit Sensor Drone Bay > --- WEAPON ----------- Medium Laser Medium Laser > --- INVENTORY -------- Light Ion Engine Medium Matter Pod Structural Scanner Visual Processing Unit Assault Rifle Grenade Launcher Rocket Launcher Mining Laser [Rating: 15] Favorites ----------- Power Light Ion Engine Engine Light Ion Engine Propulsion Wheel Leg Aluminum Leg Wheel Wheel Utility Small Storage Unit Device Sensor Drone Bay Storage Small Storage Unit Weapon Medium Laser Energy Gun Medium Laser Launcher Rocket Launcher Build | -11 -10 -10 -9 ------- Run | Jun Mat Min Mat Slots Evolved 2 | . . . 2 Power . | . . . . Propulsion . | . . . . Utility 2 | . . . 2 Weapon . | . . . . Parts Attached 16 | 6 2 1 7 Power 2 | 1 . . 1 Engine 2 | 1 . . 1 Core . | . . . . Reactor . | . . . . Propulsion 7 | 2 . . 5 Treads . | . . . . Leg 2 | . . . 2 Wheel 5 | 2 . . 3 Hover . | . . . . Flight . | . . . . Utility 4 | 1 2 1 . Device 2 | . 1 1 . Storage 2 | 1 1 . . Processor . | . . . . Hackware . | . . . . Protection . | . . . . Artifact . | . . . . Weapon 3 | 2 . . 1 Energy Gun 2 | 2 . . . Energy Cannon . | . . . . Ballistic Gun . | . . . . Ballistic Cannon . | . . . . Launcher 1 | . . . 1 Special Weapon . | . . . . Impact Weapon . | . . . . Slashing Weapon . | . . . . Piercing Weapon . | . . . . Special Melee Weapon . | . . . . Unidentified Prototypes 1 | . . 1 . Parts Lost 1 | . . . 1 Power . | . . . . Propulsion 1 | . . . 1 Utility . | . . . . Weapon . | . . . . Highest Loss Streak 1 | . . . 1 To Critical Strikes . | . . . . Average Slot Usage (%) 88 | . 94 100 74 Engine 12 | . 14 14 11 Wheel 24 | . 28 28 18 Device 11 | . 9 14 11 Storage 12 | . 14 14 11 Energy Gun 24 | . 28 28 20 Naked Turns . | . . . . Heaviest Build 28 | 12 13 26 28 Greatest Support 26 | 26 26 26 26 Greatest Overweight (x) 2 | 2 . . 2 Average Overweight (x) . | . . . . Largest Inventory Capacity 8 | 8 8 8 8 Average Capacity 7 | 6 7 8 8 Most Carried 8 | 6 4 7 8 Average Carried 5 | 2 3 5 7 Final Capacity 8 | 8 8 8 8 Final Carried 7 | 2 4 7 6 Class Distribution -------------------- 100% | Mutant Dominant Class ---------------- Mutant | -10/Materials Mutant | -10/Mines Mutant | -9/Materials Resources | -11 -10 -10 -9 ----------- Run | Jun Mat Min Mat Matter Collected 440 | 241 45 104 50 Remotely . | . . . . Salvage Created 335 | . 45 41 249 Parts 27 | . 2 7 18 Haulers Intercepted . | . . . . Recyclers Shooed . | . . . . Parts Field Recycled . | . . . . Retrieved Matter . | . . . . Parts Self-Destructed . | . . . . Prevented . | . . . . Kills | -11 -10 -10 -9 ------- Run | Jun Mat Min Mat Combat Hostiles Destroyed 12 | . 3 3 6 Guns 10 | . 3 3 4 AOE 2 | . . . 2 Classes Destroyed 4 | . 1 . 3 Watcher 2 | . . . 2 Swarmer 6 | . 3 3 . Grunt 4 | . . . 4 Sentry 2 | . . . 2 Best Kill Streak 3 | . 3 3 3 Combat Bots Only 3 | . 3 3 2 Max Kills in Single Turn 1 | . 1 1 1 Gunslinging . | . . . . Exploded 1 | . . . 1 Melee . | . . . . Uniques/NPCs Destroyed . | . . . . Combat | -11 -10 -10 -9 -------- Run | Jun Mat Min Mat Damage Taken 319 | . 48 15 256 Core 44 | . 17 . 27 Absorbed by Shields . | . . . . Core Remaining (%) 96 | 100 . 93 . Volleys Fired 22 | . 5 3 14 Largest 2 | . 2 2 2 Hottest 100 | . 100 100 100 Shots Fired 44 | . 10 6 28 Gun 36 | . 10 6 20 Cannon . | . . . . Launcher 8 | . . . 8 Special . | . . . . Kinetic . | . . . . Thermal 36 | . 10 6 20 Explosive 8 | . . . 8 Electromagnetic . | . . . . Robot Hit Streak 8 | . 3 6 8 Robot Miss Streak 3 | . 2 . 3 Penetration Max . | . . . . Secondary Targets 1 | . 1 . . Max Gunslinging Chain 1 | . 1 . . Shots Hit Robots 24 | . 6 3 15 Core Hits 20 | . 3 3 14 Critical Kills . | . . . . Critical Parts Destroyed . | . . . . Critical Strikes 3 | . 2 . 1 Burn 3 | . 2 . 1 Melee Attacks . | . . . . Impact . | . . . . Slashing . | . . . . Piercing . | . . . . Sneak Attacks . | . . . . Combat Hostiles . | . . . . Follow-up Attacks . | . . . . Damage Inflicted 587 | . 88 38 461 Guns 276 | . 88 38 150 Cannons . | . . . . Explosions 311 | . . . 311 Melee . | . . . . Ramming . | . . . . Kinetic . | . . . . Thermal 276 | . 88 38 150 Explosive 311 | . . . 311 Electromagnetic . | . . . . Impact . | . . . . Slashing . | . . . . Piercing . | . . . . Highest Corruption . | . . . . Average Corruption . | . . . . Corruption Purged . | . . . . Corruption Blocked . | . . . . Overload Shots . | . . . . Overflow Damage 11 | . . . 11 Projectiles . | . . . . Explosions 11 | . . . 11 Melee . | . . . . Knockbacks . | . . . . Impact . | . . . . Kinetic . | . . . . Secondary . | . . . . Self-Inflicted Damage 129 | . . . 129 Shots 3 | . . . 3 Rammed . | . . . . Targets Rammed . | . . . . Kicked . | . . . . Crushed . | . . . . Highest Temperature 195 | . 195 117 174 Average Temperature 69 | . 100 62 57 Received Heat Transfer 63 | . . . 63 Siege Activations . | . . . . Robots Corrupted . | . . . . Combat Hostiles . | . . . . Parts Fried . | . . . . Impact Corruptions . | . . . . Robots Melted . | . . . . Combat Hostiles . | . . . . Parts Melted 3 | . 2 . 1 Heat Transferred 1036 | . 407 111 518 Parts Sabotaged . | . . . . Parts Stolen . | . . . . Parts Stripped . | . . . . Power Chain Reactions . | . . . . Missiles Intercepted . | . . . . Alert | -11 -10 -10 -9 ------- Run | Jun Mat Min Mat Peak Influence 527 | . 85 180 527 Initial 70 | . . 33 70 Average 140 | . 33 110 238 Maximum Alert Level 2 | . . . 2 Low Security (%) 71 | 100 100 100 28 Level 1 24 | . . . 61 Level 2 4 | . . . 10 Level 3 . | . . . . Level 4 . | . . . . Level 5 . | . . . . High Security . | . . . . Max Security . | . . . . Squads Dispatched 3 | . 1 . 2 Investigation 1 | . . . 1 Extermination . | . . . . Reinforcement 2 | . 1 . 1 Assault . | . . . . Garrison . | . . . . Intercept . | . . . . Searches Triggered . | . . . . Construction Impeded . | . . . . Haulers Reinforced . | . . . . Active Scanning Responses . | . . . . Cargo Convoy Interrupts . | . . . . Stealth | -11 -10 -10 -9 --------- Run | Jun Mat Min Mat Distress Signals 5 | . . . 5 Communications Jammed . | . . . . Distress Signals . | . . . . Times Spotted 21 | . 5 3 13 Peak Tracking Total 5 | . 5 3 5 Tactical Retreats . | . . . . Traps | -11 -10 -10 -9 ------- Run | Jun Mat Min Mat Traps Triggered . | . . . . Indirectly . | . . . . Trap Hack Attempts . | . . . . Triggered . | . . . . Disarmed . | . . . . Reprogrammed . | . . . . Reused . | . . . . Traps Extracted . | . . . . Installed . | . . . . Triggered . | . . . . Machines | -11 -10 -10 -9 ---------- Run | Jun Mat Min Mat Machines Disabled 3 | . . . 3 Max in Single Turn 1 | . . . 1 Machines Repaired . | . . . . Machines Sabotaged . | . . . . Overloaded Fab Kills . | . . . . Hacking | -11 -10 -10 -9 --------- Run | Jun Mat Min Mat Machines Accessed 4 | . 1 1 2 Terminals 1 | . . . 1 Fabricators . | . . . . Repair Stations 2 | . 1 . 1 Recycling Units . | . . . . Scanalyzers . | . . . . Garrison Access . | . . . . Total Hacks 8 | . 3 1 4 Successful 4 | . . 1 3 Failed 4 | . 3 . 1 Catastrophic 1 | . . . 1 Database Lockouts . | . . . . Manual . | . . . . Terminals 2 | . . . 2 Fabricators . | . . . . Repair Stations 5 | . 3 . 2 Recycling Units . | . . . . Scanalyzers . | . . . . Garrison Access . | . . . . Terminal Hacks 3 | . . 1 2 Record 1 | . . . 1 Open Door 1 | . . 1 . Zone Layout 1 | . . . 1 Fabricator Hacks . | . . . . Repair Station Hacks 1 | . . . 1 Scan Component 1 | . . . 1 Recycling Unit Hacks . | . . . . Scanalyzer . | . . . . Garrison Access Hacks . | . . . . Unauthorized Hacks . | . . . . Terminals . | . . . . Fabricators . | . . . . Repair Stations . | . . . . Recycling Units . | . . . . Scanalyzers . | . . . . Garrison Access . | . . . . Data Cores Recovered . | . . . . Used . | . . . . Hacking Detections 2 | . 1 . 1 Full Trace Events 2 | . 1 . 1 Feedback Events . | . . . . Feedback Blocked . | . . . . Robot Schematics Acquired . | . . . . Robots Built . | . . . . Authchips . | . . . . Time . | . . . . Total Robot Build Rating . | . . . . Part Schematics Acquired . | . . . . Parts Built . | . . . . Authchips . | . . . . Time . | . . . . Total Part Build Rating . | . . . . Parts Repaired . | . . . . Time . | . . . . Parts Recycled . | . . . . Recycled Matter . | . . . . Retrieved Matter . | . . . . Retrieved Components . | . . . . Parts Scanalyzed . | . . . . Part Schematics Acquired . | . . . . Parts Damaged . | . . . . Bothacking | -11 -10 -10 -9 ------------ Run | Jun Mat Min Mat Used RIF Installer . | . . . . Robots Hacked . | . . . . Non-combat . | . . . . Combat . | . . . . Robot Hacks Applied . | . . . . Relay Couplers Released . | . . . . Fabnet Peak Effective % . | . . . . Robots Rewired . | . . . . Allies Hacked . | . . . . Hacks Repelled . | . . . . Allies | -11 -10 -10 -9 -------- Run | Jun Mat Min Mat Total Allies 1 | . . 1 . Largest Group 1 | . . 1 1 Highest-Rated Group 31 | . . 31 31 Highest-Rated Ally 31 | . . 31 31 Total Orders . | . . . . Ally Attacks 24 | . . 4 20 Total Damage 310 | . . 63 247 Kills 9 | . . 3 6 Allies Corrupted . | . . . . Allies Melted . | . . . . Intel | -11 -10 -10 -9 ------- Run | Jun Mat Min Mat Robot Analysis Total . | . . . . Derelict Logs Recovered . | . . . . Drone Launches 2 | . . 2 . Drone Recoveries 2 | . . . 2 Exploration | -11 -10 -10 -9 ------------- Run | Jun Mat Min Mat Turns Passed 900 | 58 168 314 360 Spaces Moved 770 | 56 164 316 234 Core 33 | 33 . . . Treads . | . . . . Legs 15 | . . . 15 Wheels 722 | 23 164 316 219 Hover . | . . . . Flight . | . . . . Fastest Speed 50 | 50 90 90 90 Average Speed 91 | 78 90 90 99 Slowest Speed 260 | 150 90 90 260 Overloaded Moves . | . . . . Propulsion Burnouts . | . . . . Robots Hopped . | . . . . Cave-ins Triggered . | . . . . Exploration Rate (%) 33 | 3 28 78 24 Regions Visited 3 Branch Regions 1 Pre-discovered Areas . | . . . . Known Exits Taken 1 | . . 1 . Unknown Exits Taken 2 | 1 1 . . Scrap Searched 1 | . . 1 . Spaces Dug . | . . . . Terrain Destroyed 76 | . . . 76 Melee . | . . . . Projectile . | . . . . AOE 76 | . . . 76 Terrain Rammed . | . . . . Walls Destroyed . | . . . . Machines Disabled . | . . . . Actions | -11 -10 -10 -9 --------- Run | Jun Mat Min Mat Total 920 | 69 174 339 338 Wait 82 | . . 16 66 Move 767 | 55 163 315 234 Hop . | . . . . Pick Up 21 | 8 3 3 7 Fast Attach . | . . . . Attach 15 | 6 2 1 6 Detach 4 | . 1 1 2 Swap 1 | . . . 1 Drop 8 | . . . 8 Fire 22 | . 5 3 14 Melee . | . . . . Ram . | . . . . Kick . | . . . . Crush . | . . . . Escape Stasis . | . . . . Rewire . | . . . . Trap . | . . . . Miscellaneous . | . . . . Route ------- -11/Junkyard -10/Materials -10/Mines -9/Materials (discovered 1 exit: [*Mat]) History --------- Turn | Location | Event 6 | -11/Junkyard | Discovered new exit (range 15) 59 | -11/Junkyard | Entered Materials 176 | -10/Materials | Discovered new exit (range 7) 227 | -10/Materials | Entered Mines 278 | -10/Mines | Found the Drone Emporium 284 | -10/Mines | Found Prototype Device 287 | -10/Mines | Identified Sensor Drone Bay 308 | -10/Mines | Build established: Mutant 350 | -10/Mines | Received a Rocket Launcher from a helpful Derelict 414 | -10/Mines | Received a Mining Laser from a helpful Derelict 502 | -10/Mines | Discovered new exit (range 4) 508 | -10/Mines | Identified exit to Materials 541 | -10/Mines | Entered Materials 541 | -9/Materials | Accompanied by 3 allies 541 | -9/Materials | Evolved 2 slots: Utility x2 873 | -9/Materials | Discovered new exit (range 11) 901 | -9/Materials | Self-destructed Last Messages --------------- 00871_ The unstable cave ceiling collapses. 00871_ U-05 Engineer lays Concrete. 00872_ The unstable cave ceiling collapses. 00873_ EXIT=FOUND 00873_ U-05 Engineer lays Concrete. 00877_ U-05 Engineer builds a Wall. 00882_ U-05 Engineer lays Concrete. 00883_ W-16 Scout sends out distress signal. 00883_ U-05 Engineer lays Concrete. 00888_ U-05 Engineer builds a Wall. 00892_ Repair Station disabled. 00892_ Com. Wheel destroyed. 00892_ Destroyed Com. Wheel. 00892_ W-16 Scout destroyed. 00895_ The unstable cave ceiling collapses. 00896_ U-05 Engineer builds a Wall. 00898_ The unstable cave ceiling collapses. 00898_ Y-45 Defender suffers critical hit (Burn). 00898_ Y-45 Defender destroyed. 00900_ U-05 Engineer lays Concrete. Map ----- +----------------------------------------------------+ | | | | | | | | | | | | | | | | | ?????????????????????????????????????????????????? | | ?????????????????????????????????????????????????? | | ????????????????????????? ???????????????????????? | | ????????????????????????? ???????????????????????? | | ????????????????????????? ???????????????????????? | | ????????????????????????? ???????????????????????? | | ????????????????????????? ???????????????????????? | | ????????????????????????? ???????????????????????? | | ????????????????????????? ???????????????????????? | | ????????????????????????# ##?????????????????????? | | ??????????????????????### ##????????????????????? | | ####+#### ???????# * ##???????????????????? | | ??????###[%! ######??????????????? | | ###?????###????## !% ???????????????? | | ##+########### #????# " """????????????????? | | # ## #????# < R """????????????????? | | # ##""" #??### " """ #??????????????? | | # "" ##"R #?## # @ #??????????????? | | # Y" ##""" ### ! #??????????????? | | # "" ## "" ## # # !#??????????????? | | #? ?# # #u # #??????????????? | | ####+#######+ # ##########??????????????? | | ###?????????????????????? | | [ !#?????????????????????? | | ########+### # # !#????????????????????? | | *% !#????????????????????? | | = = !#????????????????????? | | """ """ """ !#????????????????????? | | """ """ """ !##????????????????????? | | """ """ """ ####?????????????????????? | | # # #????????????????????????? | | #################+### #????????????????????????? | | ???????????????????? #????????????????????????? | | ???????????????????? #????????????????????????? | | ??????????????????? #????????????????????????? | | ???????????????????######????????????????????????? | | ?????????????????????????????????????????????????? | | ?????????????????????????????????????????????????? | | ?????????????????????????????????????????????????? | | ?????????????????????????????????????????????????? | | ?????????????????????????????????????????????????? | | ?????????????????????????????????????????????????? | +----------------------------------------------------+ Best States ------------- Heat Dissipation 28 Energy Generation 10 Energy Capacity 125 Matter Stores 300 Matter Capacity 300 Sight Range 16 Terrain Scan Density 10 Evasion (%) 50 Item Schematics ----------------- None Robot Schematics ------------------ None Fabricated ------------ Nothing Alien Tech Used ----------------- None Achievements -------------- None Challenges ------------ None Game ------ Seed GaussSupercompositeLance Manual? 0 Play Time 00:21:54 Cumulative 1.9 hours Start 2024.01.27 @ 07:10:12 End 2024.01.27 @ 07:33:27 Sessions 1 Manual Loads 0 Difficulty Rogue Special Mode None Game No. 3 Rogue 2 Adventurer 1 Explorer 0 Win Type - Total 0 Types 0/0/0/0/0/0/0/0/0 Lore% 0 Gallery% 6 Achievement% 100 Wizard Run 0 Options --------- ASCII 1 Keyboard 1 Movement Vi Keybinds 0 Fullscreen 2 Font 18/CogNarrow Map View 76x50 Tactical HUD 1 Map Filters NONE Filters NONE Steam 1 RUN: 4c829ab6-b1f5-442f-9054-00c0996fc610